 Dungeon Crawl Stone Soup version 0.25-a0-707-g603da076d2 (webtiles) character file.

Game seed: 1043389559724124542, levelgen mode: deterministic

1852 Ankalagon the Gusty (level 8, -8/36 HPs)
             Began as a Spriggan Air Elementalist on Apr 5, 2020.
             Was an Initiate of Gozag.
             Mangled by Harold
             ... wielding a +0 dire flail
              (10 damage)
             ... on level 7 of the Dungeon.
             The game lasted 00:27:47 (7800 turns).

Ankalagon the Gusty (Spriggan Air Elementalist)     Turns: 7800, Time: 00:27:48

Health: -8/36      AC:  4    Str:  4    XL:     8   Next: 88%
Magic:  9/16       EV:  9    Int: 19    God:    Gozag
Gold:   212        SH:  0    Dex: 16    Spells: 8/16 levels left

rFire    + . .     SeeInvis +   e - +2 long sword (flame)
rCold    . . .     Gourm    .   (shield restricted)
rNeg     + . .     Faith    .   m - +1 robe {rN+}
rPois    .         Spirit   .   (helmet restricted)
rElec    .         Reflect  .   q - +0 cloak
rCorr    .         Harm     .   (gloves unavailable)
MR       +....                  (boots unavailable)
Stlth    ++........             (no amulet)
HPRegen  0.12/turn              b - ring of protection from fire
MPRegen  0.15/turn              (no ring)

@: marked, held, very quick
A: very small, unfitting armour, see invisible, herbivore, speed 3, slow
metabolism 2
a: Potion Petition, Call Merchant, Bribe Branch, Renounce Religion


You were on level 7 of the Dungeon.
You worshipped Gozag.
Gozag was aware of your devotion.
You were hungry.

You visited 2 branches of the dungeon, and saw 8 of its levels.
You also visited: Sewer.

You collected 296 gold pieces.
You paid 84 gold pieces to Gozag.

Inventory:

Hand Weapons
 a - a +0 hunting sling
 e - a +2 long sword of flaming (weapon)
 g - a +3 quarterstaff of chaos
Missiles
 j - 258 stones
 o - a throwing net
 p - 24 poisoned darts (quivered)
 x - 4 boomerangs
Armour
 m - a +1 robe of positive energy (worn)
 q - a +0 cloak (worn)
Jewellery
 b - a ring of protection from fire (left hand)
 f - an uncursed ring of protection from cold
Wands
 v - a wand of polymorph (11)
Scrolls
 d - 5 scrolls of teleportation
 h - 2 scrolls of fog
 k - 3 scrolls of magic mapping
 w - a scroll of noise {unknown}
Potions
 i - 4 potions of curing
 n - a potion of degeneration {unknown}
 r - a potion of flight
 s - a potion of lignification {unknown}
 t - 3 potions of heal wounds
 u - a potion of cancellation {unknown}
 I - 3 potions of magic
Comestibles
 c - 9 rations


   Skills:
 - Level 6.0 Throwing
 - Level 3.0 Dodging
 - Level 3.0 Stealth
 - Level 4.9 Spellcasting
 + Level 4.2 Conjurations
 + Level 7.1 Air Magic


You had 8 spell levels left.
You knew the following spells:

 Your Spells              Type           Power        Failure   Level  Hunger
e - Shock                 Conj/Air       ####         1%          1    None
t - Airstrike             Air            ####......   7%          4    ####...
w - Static Discharge      Conj/Air       ####....     3%          3    ##.....

Your spell library contained the following spells:

 Spells                   Type           Power        Failure   Level  Hunger
 Swiftness                Chrm/Air       ###.....     4%          2    #......
 Lightning Bolt           Conj/Air       ####......   34%         5    ######.
 Confusing Touch          Hex            #.......     36%         3    ##.....
 Gell's Gravitas          Tloc           #.........   36%         3    ##.....
 Petrify                  Tmut/Erth      #.......     77%         4    ####...
 Metabolic Englaciation   Hex/Ice        #.........   98%         5    ######.
 Yara's Violent Unravell  Hex/Tmut       #.........   98%         5    ######.


Dungeon Overview and Level Annotations

Branches:
Dungeon (7/15)             Temple (1/1) D:5           Sewer (visited)

Altars:
Ashenzari
Cheibriados
Dithmenos
Fedhas
Gozag
Hepliaklqana
Kikubaaqudgha
Makhleb
Okawaru
Qazlal
Ru
Sif Muna
Trog
Vehumet
Wu Jian
Xom
Yredelemnul
Zin

Annotations:
D:3 3 runed translucent doors, Santreim's ghost, amateur TrFi
D:6 Pikel
D:7 Harold


Innate Abilities, Weirdness & Mutations

You are very small and have problems with some larger weapons.
You are too small for most types of armour.
You have supernaturally acute eyesight. (SInv)
You are a herbivore.
You cover ground extremely quickly.
You need to consume almost no food.


Message History

You become entangled in the net!
You struggle against the net.
Harold gestures at you while chanting. A sentinel's mark forms upon you.
You struggle against the net.
Harold fires a harpoon shot at you. The harpoon shot hits you.
You are yanked forward by the harpoon shot.
Harold throws a throwing net.
The throwing net hits you.
You become entangled in the net!
You see here a throwing net.
You struggle against the net.
You tear a large gash into the net.
Harold hits you with a +0 dire flail!!
Ouch! That really hurt!
* * * LOW HITPOINT WARNING * * *
As you read the scroll of fear, it crumbles to dust.
You assume a fearsome visage.
Harold resists with some effort.
Harold hits you with a +0 dire flail!
You die...
Your body crumbles into a pile of gold.

##.###..........#.......
#. #..........#......#
##. #............#.....
... ##.........#.......
...###(.......####..####
....#.....##...# ####
.....[.....#...#
............<###
......#.@.....#
......#.@#.<..#
.........#....#
.....#...##...# ##..
##... ## ## #.... #.....
##.#..# ###.#


You could see Harold.

Vanquished Creatures
  Eustachio (D:5)
  Edmund (D:6)
  A necrophage (D:5)
  A phantom (D:7)
  3 centaurs
  A crocodile (D:7)
  A big kobold (Sewer)
  Blork the orc (D:6)
  A scorpion (D:4)
  A howler monkey (D:6)
  4 crimson imps
  A bullfrog zombie (D:5)
  A hound (D:6)
  Crazy Yiuf (D:6)
  A gnoll shaman (D:7)
  4 orc wizards
  An iguana (D:4)
  4 worker ants
  Terence (D:3)
  A hound zombie (D:5)
  A hound skeleton (D:6)
  6 gnolls
  A worker ant zombie (D:5)
  4 adders
  3 river rats
  4 shadow imps
  An ooze (D:3)
  5 worms
  4 dart slugs
  3 leopard geckos
  17 orcs
  8 giant cockroaches
  2 gnoll zombies (D:6)
  9 goblins
  3 hobgoblins
  24 jackals
  6 ball pythons
  A ball python zombie (D:6)
  11 bats
  5 frilled lizards
  A giant cockroach zombie (D:5)
  8 kobolds
  A leopard gecko skeleton (D:5)
  18 rats
177 creatures vanquished.

Notes
Turn   | Place    | Note
-------+----------+-------------------------------------------
     0 | D:1      | Ankalagon the Spriggan Air Elementalist began the quest for
                  | the Orb.
     0 | D:1      | Reached XP level 1. HP: 9/9 MP: 5/5
   114 | D:1      | Reached skill level 1 in Conjurations
   139 | D:1      | Reached XP level 2. HP: 13/13 MP: 1/6
   173 | D:1      | Reached skill level 3 in Air Magic
   508 | D:1      | Reached XP level 3. HP: 16/16 MP: 8/8
  1003 | D:2      | Learned a level 3 spell: Static Discharge
  1241 | D:2      | Found a burning altar of Makhleb.
  1938 | D:3      | Noticed Terence
  1993 | D:3      | Reached XP level 4. HP: 21/21 MP: 7/10
  2087 | D:3      | Found a runed translucent gate.
  2087 | D:3      | Found a runed translucent gate.
  2087 | D:3      | Found a runed translucent gate.
  2778 | D:3      | Killed Terence
  2778 | D:3      | Reached skill level 1 in Throwing
  2982 | D:3      | Reached XP level 5. HP: 24/24 MP: 6/11
  2989 | D:3      | Found a shimmering blue altar of Sif Muna.
  3090 | D:3      | Noticed Santreim's ghost (amateur TrFi)
  3357 | D:4      | Found a sacrificial altar of Ru.
  3373 | D:4      | Noticed a moth of wrath
  3376 | D:4      | Found a bloodstained altar of Trog.
  3446 | D:4      | Learned a level 4 spell: Airstrike
  3503 | D:4      | Reached XP level 6. HP: 28/28 MP: 3/12
  4070 | D:5      | Entered Level 5 of the Dungeon
  4070 | D:5      | Found a hazy altar of Hepliaklqana.
  4083 | D:5      | Reached skill level 5 in Throwing
  4359 | D:5      | Found a staircase to the Ecumenical Temple.
  4376 | D:5      | Reached XP level 7. HP: 32/32 MP: 3/13
  4794 | D:5      | Reached skill level 4 in Air Magic
  5067 | D:5      | Noticed Eustachio
  5094 | D:5      | Killed Eustachio
  5345 | D:5      | Reached skill level 5 in Air Magic
  5771 | D:6      | Noticed Edmund
  5848 | D:6      | Reached XP level 8. HP: 33/36 MP: 10/16
  5860 | D:6      | Found a shimmering altar of Xom.
  5864 | D:6      | Found a shadowy altar of Dithmenos.
  5865 | D:6      | Found a glowing silver altar of Zin.
  5933 | D:6      | Found a glowing drain.
  6039 | Sewer    | Entered a sewer
  6233 | Sewer    | Found a glowing silver altar of Zin.
  6346 | D:6      | Noticed Pikel
  6379 | D:6      | Identified the cursed +3 battleaxe "Dadiq" {protect, Int+4}
  6379 | D:6      | Noticed Blork the orc
  6449 | D:6      | Found an ancient bone altar of Kikubaaqudgha.
  6449 | D:6      | Found a blossoming altar of Fedhas.
  6498 | D:6      | Reached skill level 6 in Air Magic
  6570 | D:6      | Killed Blork the orc
  6736 | D:6      | Found a basalt altar of Yredelemnul.
  6819 | D:6      | Found a runed translucent door.
  6820 | D:6      | Noticed Crazy Yiuf
  6837 | D:6      | Killed Crazy Yiuf
  6940 | D:6      | Killed Edmund
  7158 | Temple   | Entered the Ecumenical Temple
  7252 | Temple   | Became a worshipper of Gozag Ym Sagoz the Greedy
  7515 | D:7      | Found a blossoming altar of Fedhas.
  7578 | D:7      | Reached skill level 7 in Air Magic
  7792 | D:7      | Noticed Harold
  7800 | D:7      | Mangled by Harold

Levels and vault maps discovered:
D:1:      eino_arrival_cavern_a, layout_rooms, minmay_heptomino_l4
D:2:      layout_basic, lemuel_crystal_altar, minivault_4
D:3:      layout_loops_corners, tgw_sif, gammafunk_ghost_icy,
          serial_park_tiny_pond, uniq_terence
D:4:      layout_basic, tgw_trog, overflow_temple_1_default, minmay_distorted
D:5:      layout_loops_cross, lemuel_crystal_altar, minmay_temple_entry_hall,
          first_ration, minmay_misc_feat_enclosed, uniq_eustachio
D:6:      layout_rooms, grunt_temple_overflow_growth_and_decay,
          lemuel_zombie_altar_yredelemnul, minitemple, portal_sewer_entry_e,
          uniq_pikel, uniq_blork_the_orc, uniq_crazy_yiuf_cottage, uniq_edmund
D:7:      minmay_the_grid_octo_2x2 [minmay_the_grid_octo_thin_diamonds,
          minmay_the_grid_octo_empty, minmay_the_grid_octo_checkered,
          minmay_the_grid_octo_prize_square_snowflake], layout_cave_pools,
          grunt_ogre_cave, fedhas_altar_2, uniq_harold
Temple:   minmay_temple_curvy_loop

Skill      XL: |  1  2  3  4  5  6  7  8 |
---------------+-------------------------+-----
Conjurations   | 1 2 4 |  4.2
Air Magic      | 3 5 7 |  7.1
Spellcasting   | 3 4 |  4.9
Throwing       | 2 4 5 6 |  6.0
Dodging        | |  3.0
Stealth        | |  3.0

Action                   |  1- 3 |  4- 6 |  7- 9 || total
-------------------------+-------+-------+-------++-------
Melee: Club              |    25 |       |       ||    25
       Unarmed           |     4 |       |       ||     4
       Dagger            |    63 |    38 |    16 ||   117
       Long sword        |       |       |    26 ||    26
 Fire: Hunting sling     |    18 |       |    21 ||    39
Throw: Stone             |       |    24 |       ||    24
       Dart              |       |     8 |    25 ||    33
 Cast: Shock             |    68 |    95 |   194 ||   357
       Static Discharge  |       |    12 |    14 ||    26
       Airstrike         |       |       |     5 ||     5
  Use: Scroll            |     4 |     3 |     7 ||    14
       Potion            |       |     1 |     1 ||     2
 Stab: Sleeping          |     3 |     6 |       ||     9
  Eat: Ration            |       |     1 |     2 ||     3
Armor: Robe              |    10 |     2 |     5 ||    17
       Skin              |       |       |    13 ||    13
Dodge: Dodged            |   129 |    64 |    97 ||   290
       Rpst.: Long sword |       |       |     6 ||     6

Table legend:
 A = Non-vault XP
 B = Vault XP
 C = Vault XP percentage of total XP
 D = Non-vault monster count
 E = Vault monster count
 F = Vault count percentage of total count
                 A         B        C        D         E       F
            +---------+---------+-------+---------+---------+-------
      Total |    1876 |     771 |  29.1 |     142 |      35 |  19.8
            +---------+---------+-------+---------+---------+-------
        D:1 |      48 |       7 |  12.7 |      29 |       3 |   9.4
        D:2 |      39 |       0 |   0.0 |      22 |       0 |   0.0
        D:3 |      44 |      76 |  63.3 |      19 |       2 |   9.5
        D:4 |     230 |      13 |   5.3 |      10 |       5 |  33.3
        D:5 |     698 |     211 |  23.2 |      33 |       1 |   2.9
        D:6 |     386 |     335 |  46.5 |      17 |      13 |  43.3
        D:7 |     431 |       0 |   0.0 |      12 |       0 |   0.0
      Sewer |       0 |     129 | 100.0 |       0 |      11 | 100.0
            +---------+---------+-------+---------+---------+-------
